 Dungeon Crawl Stone Soup version 0.28.0-49-g6dfe1f597d (webtiles) character file.

Game seed: 2897457104026289702

81 Zeld the Conjurer (level 4, 0/36 HPs)
             Began as a Draconian Conjurer on May 16, 2022.
             Asphyxiated
             ... on level 3 of the Dungeon.
             The game lasted 00:03:30 (2892 turns).

Zeld the Conjurer (Draconian Conjurer)              Turns: 2892, Time: 00:03:31

Health: 0/36       AC:  7    Str: 10    XL:     4   Next: 19%
Magic:  4/8        EV: 12    Int: 20    God:
Gold:   73         SH:  0    Dex:  9    Spells: 5/8 levels left

rFire   . . .      SeeInvis .   r - +3 whip
rCold   . . .      Faith    .   (no shield)
rNeg    . . .      Spirit   .   (armour unavailable)
rPois   .          Reflect  .   (helmet restricted)
rElec   .          Harm     .   l - +0 cloak
rCorr   .          Rampage  .   (no gloves)
Will    .....                   i - +0 pair of boots
Stlth   ++........              (no amulet)
HPRegen 0.12/turn               (no ring)
MPRegen 0.11/turn               (no ring)

@: lethally poisoned (0 -> -14), slowed, very slow
A: AC +5, unfitting armour, cold-blooded
a: no special abilities


You were on level 3 of the Dungeon.
You visited 1 branch of the dungeon, and saw 3 of its levels.

You collected 73 gold pieces.

Inventory:

Hand Weapons
 r - a +3 whip (weapon)
Armour
 i - a +0 pair of boots (worn)
 l - a +0 cloak (worn)
Scrolls
 a - 2 scrolls of noise {unknown}
 b - a scroll of brand weapon {unknown}
 d - a scroll of vulnerability {unknown}
 e - a scroll of fear {unknown}
 h - a scroll of magic mapping {unknown}
 j - a scroll of enchant armour {unknown}
 p - a scroll of amnesia {unknown}
 q - a scroll of teleportation {unknown}
Potions
 c - a potion of heal wounds {unknown}
 f - a potion of curing {unknown}
 g - 2 potions of brilliance {unknown}
 k - a potion of resistance {unknown}
 m - a potion of mutation {unknown}
 n - a potion of might {unknown}
 o - a potion of lignification {unknown}


   Skills:
 * Level 2.2 Fighting
 + Level 2.1 Dodging
 + Level 2.1 Stealth
 * Level 2.6 Spellcasting
 * Level 4.4 Conjurations


You had 5 spell levels left.
You knew the following spells:

 Your Spells              Type           Power      Damage    Failure   Level
a - Magic Dart            Conj           80%        1d7       2%          1
b - Searing Ray           Conj           40%        2d5       3%          2

Your spell library contained the following spells:

 Spells                   Type           Power      Damage    Failure   Level
 Dazzling Flash           Conj/Hex       22%        N/A       19%         3
 Corpse Rot               Necr/Air       4%         N/A       22%         2
 Poisonous Vapours        Pois/Air       4%         N/A       22%         2
 Ozocubu's Armour         Ice            2%         N/A       41%         3
 Fulminant Prism          Conj/Hex       5%         3d7       52%         4
 Iskenderun's Mystic Bla  Conj/Tloc      11%        2d4       52%         4
 Ozocubu's Refrigeration  Ice            1%         4d5       100%        7


Dungeon Overview and Level Annotations

Branches:
Dungeon (3/15)

Altars:

Portals:
Abyss: D:3

Annotations:
D:3 2 transporters, NinjaNoafa's ghost, amateur DjIE


Innate Abilities, Weirdness & Mutations

Your plain brown scales are hard. (AC +5)
You cannot fit into any form of body armour.
You are cold-blooded and may be slowed by cold attacks.


Message History

You hit the kobold but do no damage. The kobold hits you with a +0 club.
The kobold misses you.
You closely miss the kobold.
A kobold brigand comes into view.
It is wielding a +0 club and quivering curare-tipped darts.
The kobold hits you but does no damage. The kobold closely misses you.
You closely miss the kobold. The kobold hits you with a +0 club.
The kobold barely misses you.
You hit the kobold.
You kill the kobold!
The kobold hits you but does no damage.
You closely miss the kobold. The kobold hits you but does no damage.
You barely miss the kobold. You tail-slap the kobold.
You kill the kobold!
There is an open door here.
Things that are here:
a +0 club; a +0 club The kobold brigand throws a curare-tipped dart.
The curare-tipped dart hits you.
You are poisoned.
You have difficulty breathing.
You feel yourself slow down.
You feel sick.
The kobold brigand throws a curare-tipped dart.
The curare-tipped dart misses you.
You feel sick.
The kobold brigand throws a curare-tipped dart.
The curare-tipped dart hits you.
You are more poisoned.
You have difficulty breathing.
You feel as though you will be slow longer.
You feel very sick.
You feel sick. The kobold brigand barely misses you.
Things that are here:
3 stones; a kobold skeleton You feel sick.
You feel sick.
The kobold brigand throws a curare-tipped dart.
The curare-tipped dart hits you.
You are lethally poisoned!
You have difficulty breathing.
You die...

#....#......)#..K....
#....#.......'......(
##....#########....)..
#......#.....g....####
+......))().......#
#.)....#.)........####
##...K#########)......
#....#.......).......
#...@#...(...#.......
##############''#################
≈≈≈≈≈≈≈≈≈≈≈≈≈....≈≈≈≈≈≈≈≈≈≈≈≈≈≈≈≈
≈≈≈≈≈≈≈≈≈≈≈≈≈.....≈≈≈≈≈≈≈≈≈≈≈≈≈≈≈
≈≈≈≈≈≈≈≈≈≈≈≈≈.....≈≈≈≈≈≈≈≈≈≈≈≈≈≈≈
≈.≈≈≈≈≈≈≈≈.≈......≈≈≈≈.≈≈.≈..≈≈..
.................(...............
................(............†...
##...#.##########.###.####..#####


You could see a kobold brigand.

Vanquished Creatures
  2 gnolls (D:3)
  2 worms (D:3)
  2 dart slugs
  2 ball pythons
  4 endoplasms
  2 giant cockroaches (D:2)
  3 goblins
  A hobgoblin (D:2)
  3 jackals
  A quokka (D:2)
  3 bats (D:2)
  3 frilled lizards
  19 kobolds
  5 rats
52 creatures vanquished.

Notes
Turn   | Place    | Note
-------+----------+-------------------------------------------
     0 | D:1      | Zeld the Draconian Conjurer began the quest for the Orb.
     0 | D:1      | Reached XP level 1. HP: 14/14 MP: 3/3
   509 | D:1      | Found a faded altar of an unknown god.
   751 | D:1      | Reached XP level 2. HP: 15/22 MP: 1/5
   957 | D:1      | Learned a level 2 spell: Searing Ray
  1061 | D:2      | Reached skill level 1 in Fighting
  1927 | D:3      | Found a one-way gate to the infinite horrors of the Abyss.
  1927 | D:3      | Noticed NinjaNoafa's ghost (amateur DjIE)
  1930 | D:3      | Found a transporter.
  1958 | D:3      | Reached XP level 3. HP: 26/28 MP: 3/6
  2150 | D:3      | Found a transporter.
  2247 | D:3      | Noticed a small abomination
  2870 | D:3      | Reached XP level 4. HP: 35/36 MP: 3/7
  2880 | D:3      | Noticed a kobold brigand
  2892 | D:3      | Asphyxiated

Illustrated notes

Levels and vault maps discovered:
D:1:      dpeg_arrival_tiny_a, layout_loops_ring,
          shapermc_ecumenical_altar_pompeii
D:2:      layout_rooms
D:3:      minmay_goblin_kobold_castle, layout_basic,
          gammafunk_ghost_abyssal_escape

Skill      XL: |  1  2  3 |
---------------+----------+-----
Fighting       | 1 2 |  2.2
Stealth        | 2 |  2.1
Dodging        | 2 |  2.1
Spellcasting   | |  2.6
Conjurations   | |  4.4

Action                   |  1- 3 |  4- 6 || total
-------------------------+-------+-------++-------
Melee: Unarmed           |    43 |       ||    43
       Punch             |     2 |       ||     2
       Tailslap          |     9 |     2 ||    11
       Whip              |    26 |    10 ||    36
 Cast: Magic Dart        |    76 |       ||    76
       Searing Ray       |     3 |       ||     3
 Stab: Sleeping          |     2 |       ||     2
Armor: Skin              |    43 |     7 ||    50
Dodge: Dodged            |    91 |     9 ||   100
